 Dungeon Crawl Stone Soup version 0.24-a0-459-g225fefd530 (webtiles) character file.

Game seed: 11673443287829203430

64 Gargoyl the Skirmisher (level 3, -12/31 HPs)
             Began as a Centaur Abyssal Knight on June 28, 2019.
             Was a Follower of Lugonu.
             Mangled by an ogre
             ... wielding a +0 giant spiked club
              (19 damage)
             ... on level 3 of the Dungeon.
             The game lasted 00:05:46 (2391 turns).

Gargoyl the Skirmisher (Centaur Abyssal Knight)     Turns: 2391, Time: 00:05:47

Health: -12/31     AC:  6    Str: 14    XL:     3   Next: 91%
Magic:  4/4        EV:  6    Int: 11    God:    Lugonu [*.....]
Gold:   235        SH:  5    Dex:  9    Spells: 2/2 levels left

rFire    . . .     SeeInvis .   a - +1 hand axe
rCold    . . .     Gourm    .   d - +2 buckler
rNeg     . . .     Faith    .   k - +0 scale mail
rPois    .         Spirit   .   (no helmet)
rElec    .         Reflect  .   (no cloak)
rCorr    .         Harm     .   (no gloves)
MR       .....                  (no barding)
Stlth    ..........             (no amulet)
HPRegen  0.10/turn              (no ring)
MPRegen  0.09/turn              (no ring)

@: very slightly contaminated, invisible, very quick
A: large, hooves 3, deformed body, speed 2, tough skin 3
a: Depart the Abyss, Renounce Religion


You were on level 3 of the Dungeon.
You worshipped Lugonu.
Lugonu was aware of your devotion.
You were hungry.

You visited 1 branch of the dungeon, and saw 4 of its levels.
You visited the Abyss 1 time.

You collected 235 gold pieces.

Inventory:

Hand Weapons
 a - a +1 hand axe (weapon)
 j - a +0 war axe
Armour
 d - a +2 buckler (worn)
 k - a +0 scale mail (worn)
Scrolls
 f - a scroll of remove curse
 h - a scroll of identify
Potions
 e - a potion of curing
 g - a potion of berserk rage {unknown}
Comestibles
 b - 2 chunks of flesh
 c - 14 rations


   Skills:
 + Level 3.5 Fighting
 + Level 2.0 Axes
 * Level 2.0 Armour
 + Level 0.7 Dodging
 * Level 1.0 Shields
 * Level 2.5 Invocations


You had 2 spell levels left.
You didn't know any spells.
Your spell library contained the following spells:

 Spells                   Type           Power        Failure   Level  Hunger
 Bolt of Magma            Conj/Fire/Erth #.........   100%        5    ######.
 Iskenderun's Battlesphe  Conj/Chrm      #.......     100%        5    ######.
 Venom Bolt               Conj/Pois      #.........   100%        5    ######.
 Iron Shot                Conj/Erth      #.........   100%        6    #######
 Orb of Destruction       Conj           #.........   100%        7    #######
 Spellforged Servitor     Conj/Summ      #.........   100%        7    #######


Dungeon Overview and Level Annotations

Branches:
Dungeon (4/15)
 Temple: D:4-7

Altars:
Fedhas
Uskayaw

Annotations:
D:3 3 runed translucent doors, hemabe's ghost, amateur HuAr


Innate Abilities, Weirdness & Mutations

You have hooves in place of feet.
Armour fits poorly on your strangely shaped body.
You cover ground very quickly.
You have extremely tough skin. (AC +3)


Message History

You hit the ogre.
The ogre is moderately wounded.
You block the ogre's attack.
You hit the ogre. You kick the ogre.
The ogre is moderately wounded.
The ogre closely misses you.
You hit the ogre.
The ogre is heavily wounded.
The ogre hits you with a +0 giant spiked club!
Ouch! That really hurt!
You catch the helpless ogre completely off-guard!
You hit the ogre.
The ogre is severely wounded.
The ogre hits you with a +0 giant spiked club!
* * * LOW HITPOINT WARNING * * *
You barely miss the ogre. You kick the ogre.
The ogre is severely wounded.
The ogre hits you with a +0 giant spiked club!!
Ouch! That really hurt!
You die...

*** ********8* ########
*8,,,,,*,* #....>.# # *,,*#,,*,*
#...†..# ## *,,8#o.*,*
#......####### ##.
*,,*#..#.####..#@...##...## #..
*,,,,#.#....>...O.........#####..
*,,,,#.+.#...##............).....
*_,8.#.+.....##..............#...
*,,,o#.+.....................#^..
*,,,,#.#.......#.................
*,,*#..#.....#..#...##.......##..
*,,8#.o#.....##.O.######.........
#,,*#..#.....)#...## #.....####


You could see an ogre.

Vanquished Creatures
  An adder (D:2)
  An ooze (D:1)
  A leopard gecko (D:4)
  An orc (D:3)
  5 giant cockroaches
  4 goblins
  7 hobgoblins
  3 jackals (D:1)
  A quokka (D:3)
  2 ball pythons
  3 bats
  4 frilled lizards
  7 kobolds
  6 rats
46 creatures vanquished.

Notes
Turn   | Place    | Note
-------+----------+-------------------------------------------
     0 | Abyss:1  | Gargoyl the Centaur Abyssal Knight began the quest for the
                  | Orb.
     0 | Abyss:1  | Reached XP level 1. HP: 19/19 MP: 2/2
   104 | Abyss:3  | Noticed a spatial maelstrom
   193 | Abyss:4  | Found a corrupted altar of Lugonu.
   211 | Abyss:5  | Entered Level 5 of the Abyss
   218 | Abyss:5  | Noticed a large abomination
   233 | Abyss:5  | Noticed an orb spider
   238 | Abyss:5  | Noticed a large abomination
   248 | Abyss:5  | Noticed a red devil
   248 | Abyss:5  | Noticed a red devil
   249 | D:1      | Escaped the Abyss
   375 | D:1      | Reached XP level 2. HP: 22/26 MP: 3/3
   479 | D:1      | Reached * piety under Lugonu
  1049 | D:2      | Reached XP level 3. HP: 30/31 MP: 4/4
  1134 | D:2      | Found a blossoming altar of Fedhas.
  1305 | D:2      | Found a hide-covered altar of Uskayaw.
  1738 | D:3      | Noticed an ogre
  1782 | D:4      | Noticed an ogre
  2259 | D:3      | Reached skill level 1 in Shields
  2374 | D:3      | Found a runed translucent gate.
  2374 | D:3      | Found a runed translucent gate.
  2375 | D:3      | Found a runed translucent gate.
  2376 | D:3      | Noticed hemabe's ghost (amateur HuAr)
  2391 | D:3      | Mangled by an ogre

Levels and vault maps discovered:
D:1:      erik_arrival_blinker_ship, layout_basic
D:2:      layout_basic, marbit_many_paths, fedhas_altar_2, wad_floor_pattern_1
D:3:      layout_rooms, biasface_ghost_orc_armoury
D:4:      layout_gridville, grunt_temple_overflow_open, serial_shops, shop,
          first_ration, uniq_grinder, uniq_duvessa, uniq_blork_the_orc

Skill      XL: |  1  2  3 |
---------------+----------+-----
Axes           | 2 |  2.0
Armour         | 2 |  2.0
Shields        | 1 |  1.0
Fighting       | |  3.5
Dodging        | |  0.7
Invocations    | |  2.5

Action                   || total
-------------------------++-------
Melee: Hand axe          ||   130
       Kick              ||    19
Invok: Depart the Abyss  ||     1
  Use: Scroll            ||    10
       Potion            ||     2
 Stab: Invisible         ||     1
  Eat: Chunk             ||     3
Armor: Leather armour    ||     7
       Scale mail        ||    44
Dodge: Dodged            ||    39
Block: Buckler           ||    23

Table legend:
 A = Non-vault XP
 B = Vault XP
 C = Vault XP percentage of total XP
 D = Non-vault monster count
 E = Vault monster count
 F = Vault count percentage of total count
                 A         B        C        D         E       F
            +---------+---------+-------+---------+---------+-------
      Total |      90 |       2 |   2.2 |      45 |       1 |   2.2
            +---------+---------+-------+---------+---------+-------
        D:1 |      38 |       0 |   0.0 |      20 |       0 |   0.0
        D:2 |      29 |       2 |   6.5 |      12 |       1 |   7.7
        D:3 |      20 |       0 |   0.0 |      12 |       0 |   0.0
        D:4 |       3 |       0 |   0.0 |       1 |       0 |   0.0
            +---------+---------+-------+---------+---------+-------
